AoeStats
← Chiripa605

Lombardia

507842346Analyzed
4v4 RM · 12d ago on Sep 19, 2026· 69m 30s· 8 players
Game mode
Random Map
Map size
Large (8 player)
Population
200
Speed
Normal
Resources
Standard
Victory
Conquest
Starting age
Dark Age
Ending age
Imperial Age
RankedLock teamsTeams togetherTeam positionsShared explorationLock speedFull tech treeHidden civsTurbo modeCheats
Victory
Defeat
🇩🇪 Burmese · Germany
1438
+15
🇦🇷 Turks · Argentina
1415
+16
🇦🇷 Japanese · Argentina
1365
+18
🇺🇸 Bengalis · United States
1352
+17
🇫🇷 Khmer · France
1473
-20
🇮🇪 Persians · Ireland
1401
-16
🇺🇸 Celts · United States
1387
-16
🇸🇪 Mongols · Sweden
1348
-14
Dusk_
4:38 Loom
11:24 Feudal Age
11:30 Man-at-Arms
11:56 Arson
23:30 Castle Age
22:26 Gold Mining
22:17 Horse Collar
23:11 Scale Mail Armor
23:21 Forging
24:00 Double-Bit Axe
23:42 Long Swordsman
27:44 Heavy Plow
31:02 Wheelbarrow
31:06 Town Watch
32:11 Gold Shaft Mining
33:04 Hand Cart
33:40 Pikeman
34:06 Gambesons
37:10 Imperial Age
34:52 Stone Mining
37:08 Chain Mail Armor
37:28 Iron Casting
37:23 Onager
38:29 Conscription
38:21 Furor Celtica
38:34 Halberdier
41:07 Blast Furnace
40:38 Plate Mail Armor
41:42 Elite Woad Raider
41:48 Heavy Scorpion
43:37 Ballistics
44:17 Chemistry
43:23 Siege Engineers
45:01 Capped Ram
46:07 Fletching
47:50 Two-Handed Swordsman
49:53 Siege Onager
49:54 Siege Ram
50:52 Champion
55:09 Siege Onager
EweRwoRld
11:11 Feudal Age
11:09 Loom
15:46 Castle Age
13:33 Double-Bit Axe
14:04 Horse Collar
24:11 Wheelbarrow
26:23 Bow Saw
27:58 Heavy Plow
28:49 Hand Cart
29:18 Gold Mining
29:18 Stone Mining
30:47 Gold Shaft Mining
30:02 Stone Mining
30:00 Town Watch
31:25 Scale Barding Armor
31:30 Forging
31:59 Town Patrol
35:05 Imperial Age
33:59 Stone Shaft Mining
34:09 Iron Casting
33:55 Chain Barding Armor
35:43 Conscription
36:15 Crop Rotation
37:01 Two-Man Saw
37:46 Plate Barding Armor
37:33 Elite War Elephant
41:43 Hoardings
43:14 Blast Furnace
42:05 Fletching
43:19 Husbandry
43:30 Bloodlines
42:41 Light Cavalry
45:24 Hussar
51:53 Ballistics
52:33 Chemistry
51:45 Masonry
52:15 Caravan
67:29 Architecture
68:16 Cavalier
Dedpool_Aoe
10:39 Feudal Age
12:37 Double-Bit Axe
15:19 Wheelbarrow
18:35 Castle Age
17:50 Horse Collar
22:15 Bow Saw
30:12 Hand Cart
30:49 Loom
38:14 Imperial Age
38:04 Tusk Swords
[ZCHE] Benja
5:27 Loom
11:21 Feudal Age
13:36 Wheelbarrow
16:17 Castle Age
14:40 Double-Bit Axe
17:51 Bow Saw
23:09 Horse Collar
24:40 Gold Mining
26:00 Gold Shaft Mining
26:01 Heavy Plow
27:40 Hand Cart
27:10 Town Watch
27:54 Stone Mining
32:51 Imperial Age
30:19 Fletching
31:05 Bodkin Arrow
31:11 Padded Archer Armor
32:28 Ballistics
32:20 Masonry
32:41 Bloodlines
32:32 Husbandry
33:20 Leather Archer Armor
33:13 Thumb Ring
33:47 Bracer
34:40 Conscription
33:42 Elite Mangudai
33:50 Elite Steppe Lancer
34:55 Heavy Cavalry Archer
36:00 Parthian Tactics
35:38 Nomads
36:16 Hoardings
36:45 Chemistry
38:33 Light Cavalry
39:25 Forging
39:20 Scale Barding Armor
41:09 Hussar
42:10 Chain Barding Armor
42:31 Iron Casting
48:06 Town Patrol
65:12 Blast Furnace
Chiripa605
5:24 Loom
11:31 Feudal Age
15:19 Castle Age
14:00 Double-Bit Axe
16:28 Horse Collar
17:49 Bow Saw
21:11 Wheelbarrow
22:32 Gold Mining
23:45 Heavy Plow
24:50 Stone Mining
25:36 Gold Shaft Mining
27:32 Hand Cart
31:30 Imperial Age
30:00 Fletching
30:23 Bloodlines
30:14 Husbandry
31:01 Bodkin Arrow
31:53 Padded Archer Armor
33:13 Two-Man Saw
32:45 Crop Rotation
31:39 Elite Elephant Archer
32:52 Bracer
33:15 Conscription
33:03 Paiks
33:45 Ballistics
34:55 Chemistry
34:25 Leather Archer Armor
36:48 Ring Archer Armor
37:33 Town Watch
39:45 Scale Mail Armor
39:57 Forging
39:09 Pikeman
39:49 Squires
40:49 Scale Barding Armor
40:36 Light Cavalry
42:21 Chain Barding Armor
42:42 Iron Casting
43:41 Plate Barding Armor
44:38 Blast Furnace
44:48 Blast Furnace
47:02 Caravan
48:24 Mahayana
51:12 Chain Mail Armor
53:33 Elite Battle Elephant
59:28 Town Patrol
62:57 Elite Ratha (Ranged)
65:10 Coinage
eraycoskun33
4:10 Loom
11:09 Feudal Age
11:13 Man-at-Arms
13:34 Arson
15:01 Wheelbarrow
20:06 Castle Age
20:33 Forging
21:16 Horse Collar
21:31 Stone Mining
22:14 Hand Cart
26:19 Husbandry
33:46 Hand Cart
34:46 Gold Mining
38:04 Imperial Age
36:28 Gold Shaft Mining
36:57 Bloodlines
36:49 Padded Archer Armor
36:40 Fletching
38:07 Caravan
38:11 Elite Arambai
39:57 Bodkin Arrow
40:25 Block Printing
40:30 Sanctity
40:06 Herbal Medicine
41:45 Conscription
43:12 Chemistry
45:23 Fervor
45:39 Illumination
45:51 Theocracy
45:27 Redemption
47:50 Scale Barding Armor
47:56 Forging
49:05 Heavy Plow
49:48 Ballistics
50:30 Parthian Tactics
54:35 Chain Barding Armor
54:50 Iron Casting
55:19 Iron Casting
54:45 Bracer
67:09 Manipur Cavalry
67:10 Howdah
Nikems
8:17 Loom
10:56 Feudal Age
12:57 Double-Bit Axe
12:58 Horse Collar
18:22 Castle Age
16:58 Stone Mining
17:02 Gold Mining
19:28 Bow Saw
19:21 Heavy Plow
26:57 Wheelbarrow
29:03 Hand Cart
29:46 Gold Shaft Mining
29:35 Bloodlines
29:26 Husbandry
33:04 Imperial Age
33:38 Sipahi
33:40 Caravan
34:20 Coinage
34:30 Conscription
34:14 Padded Archer Armor
34:45 Heavy Camel Rider
35:59 Leather Archer Armor
37:05 Banking
37:24 Ring Archer Armor
37:00 Scale Barding Armor
36:46 Fletching
38:05 Heavy Cavalry Archer
39:10 Parthian Tactics
38:47 Bodkin Arrow
39:13 Chain Barding Armor
39:08 Thumb Ring
39:36 Guilds
40:11 Elite Janissary
40:37 Treadmill Crane
41:32 Bracer
42:08 Plate Barding Armor
41:44 Forging
42:46 Ballistics
42:37 Masonry
45:36 Artillery
46:11 Hoardings
46:03 Artillery
46:41 Hoardings
51:23 Architecture
51:04 Fortified Wall
53:01 Bombard Tower
66:48 Fervor
66:01 Heavy Scorpion
66:01 Capped Ram
66:38 Town Watch
67:00 Scale Mail Armor
67:36 Iron Casting
68:04 Two-Man Saw
66:30 Man-at-Arms
67:13 Squires
66:58 Arson
66:45 Sappers
66:38 Cavalier
66:42 Crossbowman
67:49 Careening
67:49 Clinker Construction
68:08 Town Patrol
67:43 Long Swordsman
68:30 Murder Holes
68:21 Arrowslits
68:27 Guard Tower
68:27 Heated Shot
69:46 Chain Mail Armor
70:32 Blast Furnace
70:25 Keep
69:56 Siphons
70:11 Shipwright
70:13 Carvel Hull
70:14 Dry Dock
70:03 Atonement
70:04 Devotion
MATE
10:06 Feudal Age
15:25 Castle Age
14:32 Loom
18:07 Fletching
19:55 Horse Collar
23:12 Double-Bit Axe
25:34 Wheelbarrow
26:38 Hand Cart
27:20 Town Watch
34:15 Imperial Age
31:50 Scale Mail Armor
32:00 Forging
33:18 Heavy Plow
34:23 Iron Casting
34:04 Chain Mail Armor
35:00 Bow Saw
34:42 Gold Mining
35:01 Elite Samurai
36:52 Chain Mail Armor
37:38 Blast Furnace
37:35 Gold Shaft Mining
37:02 Stone Mining
37:52 Conscription
38:14 Plate Mail Armor
38:53 Two-Man Saw
39:00 Chemistry
40:46 Town Patrol
41:04 Caravan
46:42 Bodkin Arrow
52:43 Bracer
59:26 Murder Holes
61:06 Masonry
62:13 Arrowslits
67:40 Fortified Wall
Connection lost

Rejoining the realm…

Still unreachable

The connection could not be restored.

Session expired

The server has moved on; the page needs a fresh start.